 Dungeon Crawl Stone Soup version 0.27.0-1-g7a089689b8 (webtiles) character file.

Game seed: 16045748228891980005

62766 Ozzies the Warrior (level 14, -9/135 HPs)
             Began as a Minotaur Fighter on Aug 8, 2021.
             Was an Initiate of Gozag.
             Mangled by an enormous slime creature (71 damage)
             ... on level 14 of the Dungeon.
             The game lasted 00:38:26 (19603 turns).

Ozzies the Warrior (Minotaur Fighter)              Turns: 19603, Time: 00:38:26

Health: -9/135     AC: 22    Str: 26    XL:     14   Next: 65%
Magic:  13/13      EV: 10    Int:  5    God:    Gozag
Gold:   4455       SH: 13    Dex: 10    Spells: 13/13 levels left

rFire    . . .     SeeInvis .   O - +2 broad axe (vorpal)
rCold    + . .     Faith    .   c - +0 kite shield
rNeg     . . .     Spirit   .   Z - +4 plate armour "Zaixt" {rElec rPois rC+}
rPois    +         Reflect  .   (helmet restricted)
rElec    +         Harm     .   x - +2 cloak
rCorr    .         Rampage  .   (no gloves)
Will     +....                  (no boots)
Stlth    ..........             e - amulet of regeneration
HPRegen  1.32/turn              h - +4 ring of slaying
MPRegen  0.13/turn              z - ring of poison resistance

@: no status effects
A: horns 2, retaliatory headbutt
a: Renounce Religion, Potion Petition, Call Merchant, Bribe Branch


You were on level 14 of the Dungeon.
You worshipped Gozag.
Gozag was most pleased with you.
You visited 3 branches of the dungeon, and saw 21 of its levels.
You also visited: Sewer.

You collected 5188 gold pieces.
You spent 660 gold pieces at shops.
You paid 73 gold pieces to Gozag.

Inventory:

Hand Weapons
 a - a +0 trident
 l - a +0 vampiric whip
 q - a +2 dagger of venom
 v - a +2 whip of electrocution
 O - a +2 vorpal broad axe (weapon)
Missiles
 g - 33 poisoned darts (quivered)
 J - 18 javelins
Armour
 c - a +0 kite shield (worn)
 u - a +2 plate armour of fire resistance
 x - a +2 cloak (worn)
 G - a scarf of invisibility
 Z - the +4 plate armour "Zaixt" (worn) {rElec rPois rC+}
   (You found it on level 6 of the Lair of Beasts)

   rC:        It protects you from cold.
   rElec:     It insulates you from electricity.
   rPois:     It protects you from poison.
Jewellery
 e - an amulet of regeneration (around neck)
 h - a +4 ring of slaying (left hand)
 w - an amulet of reflection
 z - a ring of poison resistance (right hand)
 F - a +4 ring of protection
 M - a ring of protection from cold
 P - a ring of flight
 T - a ring of fire
 X - a ring of see invisible
Wands
 b - a wand of acid (7)
 y - a wand of iceblast (51)
 B - a wand of mindburst (22)
 E - a wand of charming (23)
 I - a wand of paralysis (8)
 K - a wand of digging (4)
Scrolls
 i - 2 scrolls of fog {!r}
 j - 19 scrolls of teleportation {@r3 !r}
 p - a scroll of identify {@r1}
 t - a scroll of enchant weapon
 C - 3 scrolls of amnesia
 H - 2 scrolls of fear {!r}
 L - 5 scrolls of enchant armour
 R - a scroll of brand weapon
 U - 3 scrolls of immolation
Potions
 d - 6 potions of might {@q3 !q}
 f - 5 potions of haste {@q4 !q}
 k - 4 potions of heal wounds {@q2 !q}
 m - 12 potions of curing {@q1 !q}
 n - a potion of mutation
 o - 3 potions of flight
 r - 3 potions of resistance
 s - 5 potions of invisibility
 A - a potion of brilliance
 D - a potion of cancellation
 N - 2 potions of ambrosia
Miscellaneous
 W - a condenser vane
 Y - a phantom mirror


   Skills:
 - Level 15.0 Fighting
 - Level 2.3 Short Blades
 * Level 10.2(13.2) Axes
 - Level 13.5(14.6) Maces & Flails
 - Level 3.0(7.2) Polearms
 + Level 11.8 Armour
 + Level 11.3 Dodging
 + Level 11.9 Shields
 + Level 4.7 Evocations


You had 13 spell levels left.
You didn't know any spells.
Your spell library contained the following spells:

 Spells                   Type           Power      Damage    Failure   Level
 Pain                     Necr           0%         1d4       100%        1
 Blink                    Tloc           N/A        N/A       100%        2
 Dazzling Flash           Conj/Hex       0%         N/A       100%        3
 Gell's Gravitas          Tloc           0%         N/A       100%        3
 Portal Projectile        Hex/Tloc       0%         N/A       100%        3
 Cause Fear               Hex            0%         N/A       100%        4
 Leda's Liquefaction      Hex/Erth       0%         N/A       100%        4
 Agony                    Necr           0%         N/A       100%        5
 Blade Hands              Tmut           0%         N/A       100%        5
 Bolt of Magma            Conj/Fire/Erth 0%         4d4       100%        5
 Excruciating Wounds      Necr           0%         N/A       100%        5
 Freezing Cloud           Conj/Ice/Air   0%         6-21      100%        5
 Irradiate                Conj/Tmut      0%         3d14      100%        5
 Manifold Assault         Tloc           0%         N/A       100%        5
 Silence                  Hex/Air        0%         N/A       100%        5
 Summon Forest            Summ/Tloc      0%         N/A       100%        5
 Summon Mana Viper        Hex/Summ       0%         N/A       100%        5
 Shadow Creatures         Summ           N/A        N/A       100%        6
 Statue Form              Tmut/Erth      0%         N/A       100%        6
 Dragon Form              Tmut           0%         N/A       100%        7
 Malign Gateway           Summ/Tloc      0%         N/A       100%        7
 Storm Form               Tmut/Air       0%         N/A       100%        7
 Summon Horrible Things   Summ           0%         N/A       100%        8
 Dragon's Call            Summ           0%         N/A       100%        9


Dungeon Overview and Level Annotations

Branches:
Dungeon (14/15)            Temple (1/1) D:4            Lair (6/6) D:9
 Shoals (0/4) Lair:4        Snake (0/4) Lair:2        Slime (0/5) Lair:6
    Orc (0/2) D:12         Vaults (0/5) D:13          Sewer (visited)

Altars:
Ashenzari
Cheibriados
Dithmenos
Elyvilon
Fedhas
Gozag
Hepliaklqana
Kikubaaqudgha
Makhleb
Nemelex Xobeh
Okawaru
Qazlal
Ru
Sif Muna
Trog
Uskayaw
Vehumet
Wu Jian
Xom
Yredelemnul
Zin
The Shining One
Beogh

Shops:
D:3 =   D:9 (

Portals:
Trove: D:11 (give 7 scrolls of blinking)

Annotations:
Lair:5 exclusion: downstairs


Innate Abilities, Weirdness & Mutations

You have a pair of horns on your head.
You reflexively headbutt those who attack you in melee.


Message History

The slime creature quivers.
A slime creature comes into view.
The boulder beetle barely misses you. You furiously retaliate!
You headbutt the boulder beetle!
The boulder beetle stops rolling and uncurls.
The slime creature quivers.
You hit the boulder beetle.
The boulder beetle is heavily wounded.
The boulder beetle bites you!!
You are too injured to fight recklessly!
You are too injured to fight recklessly!
You are too injured to fight recklessly!
You are too injured to fight recklessly!
You are too injured to fight recklessly!
You are too injured to fight recklessly!
You are too injured to fight recklessly!
You are too injured to fight recklessly!
You are too injured to fight recklessly!
You are too injured to fight recklessly!
You are too injured to fight recklessly!
You are too injured to fight recklessly!
You are too injured to fight recklessly!
You are too injured to fight recklessly!
You are too injured to fight recklessly!
You slash the boulder beetle!
The boulder beetle is severely wounded.
A slime creature comes into view.
You block the boulder beetle's attack.
You hit the boulder beetle.
Your headbutt misses the boulder beetle.
The boulder beetle is almost dead.
A slime creature comes into view.
The boulder beetle leaps!
The boulder beetle curls into a ball and begins rolling!
The slime creature hits you but does no damage.
A slime creature comes into view.
The slime creature hits you!
Two slime creatures merge to form a large slime creature.
You slash the boulder beetle!
The boulder beetle is almost dead.
The boulder beetle hits you!!
The boulder beetle stops rolling and uncurls.
You hit the boulder beetle.
You kill the boulder beetle!
Two slime creatures merge to form a very large slime creature.
Two slime creatures merge to form an enormous slime creature.
You see here 24 gold pieces.
The enormous slime creature is distracted by your dazzling golden aura.
The enormous slime creature is no longer distracted by gold.
You see here a +0 club.
There is a stone staircase leading up here.
Two slime creatures merge to form an enormous slime creature.
You climb upwards.
There is a stone staircase leading down here.
You start resting.
HP restored.
Unknown command.
You climb downwards.
The enormous slime creature barely misses you.
There is a stone staircase leading up here.
You hit the enormous slime creature.
The enormous slime creature is lightly wounded.
The enormous slime creature closely misses you.
You slice the enormous slime creature!!
Your headbutt misses the enormous slime creature.
The enormous slime creature is lightly wounded.
You block the enormous slime creature's attack.
You slash the enormous slime creature!
You headbutt the enormous slime creature!
The enormous slime creature is moderately wounded.
You block the enormous slime creature's attack.
You slice the enormous slime creature!!
The enormous slime creature is moderately wounded.
The enormous slime creature completely misses you.
You slash the enormous slime creature!
The enormous slime creature is heavily wounded.
You block the enormous slime creature's attack.
You slice the enormous slime creature!!
The enormous slime creature is heavily wounded.
You block the enormous slime creature's attack.
You slice the enormous slime creature!!
The enormous slime creature is severely wounded.
The enormous slime creature hits you!!!
You hit the enormous slime creature but do no damage.
The enormous slime creature is severely wounded.
You barely miss the slime creature.
You block the enormous slime creature's attack.
The slime creature closely misses you.
You hit the enormous slime creature.
You headbutt the enormous slime creature!
The enormous slime creature is severely wounded.
You hit the slime creature. The enormous slime creature hits you!!
The slime creature closely misses you.
You slice the enormous slime creature!!
You headbutt the enormous slime creature!
The enormous slime creature is almost dead.
You slash the slime creature! The enormous slime creature hits you!!!
Ouch! That really hurt!
You die...
Your body crumbles into a pile of gold.

#.# #.# #.# #.#
#.# #.# #J# #@#
#J# #.#
######.##
#...#.#.####.###
#...)###........
#...#.#.####.###
##.###......#
#$# ######.#


You could see an enormous slime creature and a slime creature.

Vanquished Creatures
  An ironbound preserver (D:13)
  Nessos (Lair:6)
  The ghost of Ypehuijo the Spear-Bearer, a journeyman OpFi of Gozag (Lair:5)
  6 boulder beetles
  8 hydras
  A merfolk avatar (Lair:6)
  2 centaur warriors
  Erica (Lair:2)
  3 two-headed ogres
  Urug (D:10)
  A tengu warrior (D:13)
  Sonja (Lair:1)
  Nergalle (D:11)
  4 lindwurms (Lair:4)
  2 harpies (Lair:6)
  An ugly thing (D:13)
  3 cyclopes
  4 manticores
  6 elephants (Lair:6)
  A guardian serpent (Lair:2)
  4 black mambas
  A torpor snail (Lair:4)
  Joseph (D:7)
  Maurice (D:10)
  A gargoyle (D:12)
  16 cane toads
  2 kobold demonologists
  Maggie (D:7)
  4 unseen horrors
  12 komodo dragons
  An efreet (D:13)
  4 rime drakes
  5 trolls
  9 polar bears
  A hornet (D:9)
  5 slime creatures (D:13)
  7 blink frogs
  3 snapping turtles
  2 spriggans
  Sigmund (D:3)
  31 yaks
  4 wyverns
  6 basilisks
  2 wraiths (D:13)
  3 fire bats (Lair:3)
  4 steam dragons
  An acid dragon (D:10)
  14 water moccasins
  2 ice beasts
  8 orc warriors
  3 sky beasts
  2 black bears
  6 centaurs
  An ogre (D:7)
  15 wolves
  A phantom (D:5)
  2 kobold brigands
  15 bullfrogs
  A wyvern zombie (D:6)
  A scorpion (D:6)
  A water moccasin skeleton (D:7)
  2 wyvern skeletons (D:7)
  5 killer bees (D:11)
  22 wights
  2 electric eels (D:9)
  4 howler monkeys
  A centaur zombie (D:7)
  4 jellies (Lair:6)
  5 orc priests
  3 hounds (D:9)
  4 bullfrog skeletons
  10 iguanas
  12 orc wizards
  2 killer bee zombies
  A howler monkey zombie (D:9)
  4 gnolls
  10 adders
  3 shadow imps
  An adder zombie (D:5)
  An adder skeleton (D:4)
  A worm (D:5)
  39 orcs
  7 ball pythons
  15 endoplasms
  16 giant cockroaches
  12 goblins
  9 hobgoblins
  6 jackals
  14 kobolds
  18 quokkas
  3 bats
  5 frilled lizards
  7 rats
501 creatures vanquished.

Vanquished Creatures (others)
  A basilisk (Lair:6)
  29 fungi
  45 plants
75 creatures vanquished.

Grand Total: 576 creatures vanquished

Notes
Turn   | Place    | Note
-------+----------+-------------------------------------------
     0 | D:1      | Ozzies the Minotaur Fighter began the quest for the Orb.
     0 | D:1      | Reached XP level 1. HP: 19/19 MP: 0/0
   709 | D:1      | Reached skill level 4 in Fighting
   709 | D:1      | Reached XP level 2. HP: 25/27 MP: 1/1
  1277 | D:2      | Reached XP level 3. HP: 10/34 MP: 2/2
  2064 | D:3      | Found Dyscheqio's Jewellery Emporium.
  2134 | D:3      | Reached skill level 5 in Fighting
  2138 | D:3      | Reached XP level 4. HP: 38/42 MP: 3/3
  2388 | D:3      | Noticed Sigmund
  2403 | D:3      | Killed Sigmund
  2404 | D:3      | Reached skill level 7 in Fighting
  2404 | D:3      | Reached XP level 5. HP: 44/52 MP: 2/4
  2513 | D:3      | Reached XP level 6. HP: 58/60 MP: 3/5
  2969 | D:4      | Found a staircase to the Ecumenical Temple.
  2980 | Temple   | Entered the Ecumenical Temple
  3123 | Temple   | Became a worshipper of Gozag Ym Sagoz the Greedy
  3403 | D:4      | Found a shimmering blue altar of Sif Muna.
  3414 | D:4      | Reached skill level 1 in Maces & Flails
  3678 | D:5      | Entered Level 5 of the Dungeon
  3678 | D:5      | Noticed a water moccasin
  3682 | D:5      | Killed a water moccasin
  3810 | D:5      | Noticed a water moccasin
  3838 | D:5      | Reached skill level 8 in Fighting
  3868 | D:5      | Reached XP level 7. HP: 63/68 MP: 6/6
  3934 | D:5      | Found a glowing drain.
  3952 | Sewer    | Entered a sewer
  4333 | Sewer    | Reached skill level 9 in Fighting
  4604 | D:5      | Reached skill level 1 in Dodging
  4746 | D:5      | Reached XP level 8. HP: 75/78 MP: 7/7
  4957 | D:5      | Got Vahyuhew's Handbook of the Frostbite and Orientation
  5087 | D:3      | Bought an amulet of regeneration for 360 gold pieces
  5195 | D:6      | Found a snail-covered altar of Cheibriados.
  5439 | D:6      | Reached skill level 5 in Maces & Flails
  5439 | D:6      | Reached skill level 5 in Armour
  5439 | D:6      | Reached skill level 5 in Shields
  5558 | D:6      | Reached skill level 10 in Fighting
  5580 | D:6      | Found a glowing golden altar of the Shining One.
  5910 | D:7      | Found a shimmering altar of Xom.
  5910 | D:7      | Found a shimmering altar of Xom.
  5910 | D:7      | Found a shimmering altar of Xom.
  5910 | D:7      | Found a shimmering altar of Xom.
  5910 | D:7      | Found a shimmering altar of Xom.
  5938 | D:7      | Noticed Maggie
  5947 | D:7      | Reached XP level 9. HP: 57/86 MP: 8/8
  5959 | D:7      | Killed Maggie
  6030 | D:7      | Noticed Joseph
  6247 | D:7      | Killed Joseph
  6337 | D:7      | Reached skill level 11 in Fighting
  6428 | D:7      | Noticed a harpy
  6443 | D:7      | Found a shimmering altar of Xom.
  6445 | D:7      | Found a shimmering altar of Xom.
  6447 | D:7      | Found a shimmering altar of Xom.
  6886 | D:8      | Noticed a two-headed ogre
  6894 | D:8      | Killed a two-headed ogre
  6895 | D:8      | Reached skill level 5 in Dodging
  6895 | D:8      | Reached XP level 10. HP: 45/97 MP: 9/9
  7146 | D:8      | Reached skill level 12 in Fighting
  7603 | D:8      | Found a stormy altar of Qazlal.
  7701 | D:8      | Found a hazy altar of Hepliaklqana.
  7715 | D:8      | Found a faded altar of an unknown god.
  7960 | D:9      | Found Onoebeuwn's Antique Weapon Emporium.
  8096 | D:9      | Found a staircase to the Lair.
  8485 | D:10     | Entered Level 10 of the Dungeon
  8558 | D:10     | Reached skill level 10 in Maces & Flails
  8746 | D:10     | Noticed Maurice
  8762 | D:10     | Killed Maurice
  9028 | D:10     | Noticed Urug
  9041 | D:10     | Killed Urug
  9042 | D:10     | Reached XP level 11. HP: 35/106 MP: 10/10
  9243 | D:11     | Found a portal to a secret trove of treasure.
  9698 | D:12     | Noticed an eight-headed hydra
  9698 | D:12     | Noticed a boulder beetle
  9801 | Lair:1   | Entered Level 1 of the Lair of Beasts
  9801 | Lair:1   | Noticed a boulder beetle
  9809 | Lair:1   | Reached skill level 13 in Fighting
  9829 | Lair:1   | Killed a boulder beetle
  9860 | Lair:1   | Noticed Sonja
  9878 | Lair:1   | Killed Sonja
  9955 | Lair:1   | Noticed a six-headed hydra
 10020 | Lair:1   | Killed a six-headed hydra
 11011 | Lair:2   | Noticed Erica
 11021 | Lair:2   | Reached skill level 14 in Fighting
 11037 | Lair:2   | Killed Erica
 11038 | Lair:2   | Reached XP level 12. HP: 69/117 MP: 11/11
 11561 | Lair:2   | Found a staircase to the Snake Pit.
 12077 | D:3      | Bought a ring of protection from cold for 300 gold pieces
 12816 | Lair:3   | Noticed a seven-headed hydra
 12826 | Lair:3   | Killed a seven-headed hydra
 13430 | Lair:4   | Found a staircase to the Shoals.
 13755 | Lair:4   | Reached skill level 15 in Fighting
 14443 | Lair:4   | Reached XP level 13. HP: 93/126 MP: 12/12
 14481 | Lair:4   | Identified the +8 plate armour of Rudu {Harm *Slow Will+
                  | Int+4}
 14654 | Lair:5   | Reached skill level 1 in Axes
 14894 | Lair:5   | Reached skill level 10 in Shields
 14919 | Lair:5   | Reached skill level 10 in Armour
 15069 | Lair:5   | Found a runed translucent door.
 15070 | Lair:5   | Noticed Ypehuijo's ghost (journeyman OpFi)
 15394 | Lair:5   | Killed Ypehuijo's ghost
 15430 | Lair:6   | Entered Level 6 of the Lair of Beasts
 15430 | Lair:6   | Noticed Nessos
 15695 | Lair:6   | Reached skill level 5 in Axes
 15695 | Lair:6   | Reached skill level 1 in Evocations
 15701 | Lair:6   | Reached skill level 10 in Dodging
 16117 | Lair:6   | Identified the +4 plate armour "Zaixt" {rElec rPois rC+}
 16301 | Lair:6   | Killed Nessos
 16338 | Lair:6   | Found a staircase to the Slime Pits.
 16540 | Lair:6   | Reached XP level 14. HP: 116/135 MP: 13/13
 17313 | D:11     | Noticed Nergalle
 17323 | D:11     | Killed Nergalle
 17564 | D:11     | Identified the +5 hunting sling of Bankruptcy {venom, rElec
                  | Dex+3}
 17878 | D:12     | Found a staircase to the Orcish Mines.
 18803 | D:13     | Found a gate to the Vaults.
 18804 | D:13     | Noticed an ironbound preserver
 18808 | D:13     | Killed an ironbound preserver
 19087 | D:13     | Reached skill level 10 in Axes
 19603 | D:14     | Mangled by an enormous slime creature

Illustrated notes

Levels and vault maps discovered:
D:1:      minmay_arrival_wavy_path, layout_basic
D:2:      layout_basic, minivault_25, roderic_nine_men_s_morris
D:3:      layout_rooms, serial_shops, nicolae_shop_waterfront, minmay_vboxes,
          uniq_sigmund
D:4:      layout_basic, kennysheep_orc_sif_temple,
          minmay_temple_entry_glassed_door
D:5:      layout_loops_cross, portal_sewer_entry_a
D:6:      layout_layer_cave, marbit_many_paths, old_standard_altar
D:7:      layout_cave_pools, xom_shifter_show, uniq_maggie, uniq_joseph
D:8:      layout_rooms, nicolae_qazlal_eye_of_the_storm,
          beargit_hepliaklqana_dungeon_heroes, serial_co_window_serial,
          co_window_paths_a, co_window_of_opportunity_a, co_window_paths_b,
          co_window_corner_a, co_window_cross_1, co_window_paths_a,
          co_window_corner_a, co_window_paths_a, co_window_of_opportunity_a,
          co_window_corner_ca, co_window_corner_b, co_window_2corner,
          co_window_2corner, co_window_cross_4, glass_columns_b,
          glass_columns_a, glass_columns_a, glass_columns_a, glass_columns_c
D:9:      layout_big_octagon, erik_lair_island, serial_shops,
          nicolae_shop_crystal, minmay_stone_trees_small
D:10:     layout_long_grid, uniq_maurice, uniq_urug
D:11:     layout_basic, nicolae_trove_entry_free_sample, uniq_nergalle
D:12:     layout_cave_pools, minmay_orc_entry_temple_small,
          gauntlet_entry_generic, enter_bailey_5
D:13:     layout_irregular_city, skrybe_vaults_entry_preservation
D:14:     layout_loops_ring, kennysheep_decorative_pillar,
          dancing_weapons_uskayaw, uniq_jorgrun
Temple:   regret_index_temple_sphere_string
Lair:1:   beast_lair_carwin_large_4, layout_gridlike, uniq_sonja
Lair:2:   layout_chaotic_city, minmay_snake_entry_spellcaster,
          infiniplex_staircase_pool, uniq_erica
Lair:3:   layout_cave_pods, nicolae_volcano_entry_batcave, minivault_19,
          grunt_forest_stairs_clearing, grunt_megastairs_5
Lair:4:   layout_gridlike, minmay_shoals_entry_hut, minmay_lindwurm_lava
Lair:5:   layout_loops_ring, ebering_ghost_inner_flame,
          nicolae_quartered_pool_medium
Lair:6:   gammafunk_lair_ancient_temple, layout_gridlike,
          nicolae_slime_entry_slimehenge, uniq_nessos

Skill      XL: |  1  2  3  4  5  6  7  8  9 10 11 12 13 14 |
---------------+-------------------------------------------+-----
Fighting       | 4 5 7 8 9 10 11 12 14 15 | 15.0
Armour         | 4 5 6 7 8 9 11 | 11.8
Shields        | 4 5 6 7 8 9 11 | 11.9
Polearms       | 3 |  3.0
Short Blades   | 2 |  2.3
Maces & Flails | 2 4 6 8 10 11 13 | 13.5
Dodging        | 1 3 5 6 8 9 10 11 | 11.3
Axes           | 7 10 | 10.2
Evocations     | 3 4 |  4.7

Action                   |  1- 3 |  4- 6 |  7- 9 | 10-12 | 13-15 || total
-------------------------+-------+-------+-------+-------+-------++-------
Melee: Trident           |    76 |    22 |       |       |     8 ||   106
       Headbutt          |    10 |    10 |    56 |   148 |   187 ||   411
       Dagger            |       |     9 |       |       |       ||     9
       Whip              |       |    55 |   300 |   577 |   510 ||  1442
       Broad axe         |       |       |       |       |   156 ||   156
Throw: Dart              |       |     3 |       |       |       ||     3
  Use: Scroll            |       |     6 |       |    13 |     9 ||    28
 Stab: Distracted        |       |       |     2 |       |     5 ||     7
Armor: Scale mail        |    27 |    26 |    70 |       |       ||   123
       Leather armour    |       |       |    10 |   104 |       ||   114
       Plate armour      |       |       |       |    18 |   304 ||   322
Dodge: Dodged            |    16 |    22 |    69 |   220 |   196 ||   523
Block: Kite shield       |    29 |    33 |   145 |   260 |   360 ||   827
